 Dungeon Crawl Stone Soup version 0.24-a0-280-g7cec4da (webtiles) character file.

Game seed: 11914693078585777957

54 tbskm the Ruffian (level 3, 0/29 HPs)
             Began as a Draconian Transmuter on May 8, 2019.
             Succumbed to an adder's poison
             ... on level 2 of the Dungeon.
             The game lasted 00:08:57 (959 turns).

tbskm the Ruffian (Draconian Transmuter)             Turns: 959, Time: 00:08:58

Health: 0/29       AC:  5    Str: 12    XL:     3   Next: 66%
Magic:  5/6        EV: 12    Int: 14    God:
Gold:   26         SH:  0    Dex: 11    Spells: 1/7 levels left

rFire    + . .     SeeInvis .     - Unarmed
rCold    + . .     Gourm    .   (no shield)
rNeg     . . .     Faith    .   (armour unavailable)
rPois    +         Spirit   .   (helmet restricted)
rElec    +         Reflect  .   (no cloak)
rCorr    +         Harm     .   (no gloves)
MR       .....                  (no boots)
Stlth    +.........             (no amulet)
HPRegen  0.09/turn              (no ring)
MPRegen  0.10/turn              (no ring)

@: lethally poisoned (0 -> -3), resistant
A: unfitting armour, cold-blooded, AC +5
a: no special abilities


You were on level 2 of the Dungeon.
You were hungry.

You visited 1 branch of the dungeon, and saw 2 of its levels.

You collected 26 gold pieces.

Inventory:

Missiles
 a - 12 arrows
Armour
 k - a +1 hat
Scrolls
 b - a scroll of random uselessness {unknown}
 d - a scroll of remove curse {unknown}
 f - a scroll of immolation {unknown}
 g - a scroll of identify
 h - a scroll of teleportation {unknown}
 j - a scroll of blinking {unknown}
Potions
 i - a potion of haste {unknown}
Comestibles
 c - 2 rations


   Skills:
 - Level 1.9 Fighting
 - Level 2.0 Dodging
 - Level 3.3 Unarmed Combat
 + Level 2.5 Spellcasting
 + Level 2.6 Transmutations


You had one spell level left.
You knew the following spells:

 Your Spells              Type           Power        Failure   Level  Hunger
a - Beastly Appendage     Tmut           #.....       8%          1    #......
b - Spider Form           Tmut/Pois      #.........   36%         3    ###....
c - Sticks to Snakes      Tmut           #.......     12%         2    ###....

Your spell library contained the following spells:

 Spells                   Type           Power        Failure   Level  Hunger
 Magic Dart               Conj           #...         22%         1    #......
 Blink                    Tloc           N/A          34%         2    ###....
 Call Imp                 Summ           #.......     34%         2    ###....
 Slow                     Hex            #.......     34%         2    ###....
 Conjure Flame            Conj/Fire      #.......     56%         3    ###....
 Mephitic Cloud           Conj/Pois/Air  #.......     56%         3    ###....
 Ice Form                 Ice/Tmut       #.......     78%         4    #####..
 Blade Hands              Tmut           #.........   91%         5    ######.


Dungeon Overview and Level Annotations

Branches:
Dungeon (2/15)

Altars:


Innate Abilities, Weirdness & Mutations

Your plain brown scales are hard. (AC +5)
You cannot fit into any form of body armour.
You are cold-blooded and may be slowed by cold attacks.


Message History

You feel sick.
* * * LOW HITPOINT WARNING * * *
You feel sick.
Your transformation has ended.
* * * LOW HITPOINT WARNING * * *
You feel sick.
* * * LOW HITPOINT WARNING * * *
You feel sick.
* * * LOW HITPOINT WARNING * * *
You feel sick.
You feel protected.
There is a lethal amount of poison in your body!
There is a lethal amount of poison in your body!
* * * LOW HITPOINT WARNING * * *
You feel sick.
* * * LOW HITPOINT WARNING * * *
You feel sick.
* * * LOW HITPOINT WARNING * * *
You feel sick.
You die...

...........#####...#
#....#....#
...#######.#########
#.........# ...#
#........... #.........#
...... #.#.########
#.....†...#
......##.#.........#
#.......###
......##.#########.#
#....#..#
.............#####.#
######..#
.......#.##.....†..#.###
##.#
.......#.##.....@.......
#.## .....
#.##...(......... #..#
##... #.##.............
#..## #..
#.##.......(..... #...#
#.. #.##....)..#.....
#.†.. #.....<.####.....
..###.. ######.#
............. #.#
........####. #.# ## #.


There were no monsters in sight!

Vanquished Creatures
  An adder (D:2)
  An ooze (D:1)
  A dart slug (D:2)
  A leopard gecko (D:1)
  6 bats
  A giant cockroach (D:2)
  A goblin (D:2)
  7 hobgoblins (D:1)
  4 jackals (D:1)
  2 quokkas (D:2)
  2 ball pythons
  5 kobolds
  3 rats
35 creatures vanquished.

Notes
Turn   | Place    | Note
-------+----------+-------------------------------------------
     0 | D:1      | tbskm the Draconian Transmuter began the quest for the Orb.
     0 | D:1      | Reached XP level 1. HP: 16/16 MP: 3/3
    68 | D:1      | Reached XP level 2. HP: 14/23 MP: 3/5
   494 | D:1      | Reached XP level 3. HP: 23/29 MP: 4/6
   564 | D:1      | Learned a level 3 spell: Spider Form
   567 | D:1      | Learned a level 2 spell: Sticks to Snakes
   579 | D:1      | You fall through a shaft!
   951 | D:2      | HP: 1/29 [poisoned by an adder]
   959 | D:2      | Succumbed to an adder's poison

Levels and vault maps discovered:
D:1:      lemuel_arrival_hallway, layout_basic
D:2:      layout_basic, eat_drink_and_be_merry_uskayaw, first_ration

Skill      XL: |  1  2 |
---------------+-------+-----
Dodging        | 2 |  2.0
Fighting       | |  1.9
Unarmed Combat | |  3.3
Spellcasting   | |  2.5
Transmutations | |  2.6

Action                   || total
-------------------------++-------
Melee: Unarmed           ||   143
       Kick              ||     4
       Tailslap          ||     7
       Punch             ||     2
 Cast: Beastly Appendage ||     4
       Spider Form       ||     1
  Use: Scroll            ||     1
       Potion            ||     1
Armor: Skin              ||    33
Dodge: Dodged            ||    94

Table legend:
 A = Non-vault XP
 B = Vault XP
 C = Vault XP percentage of total XP
 D = Non-vault monster count
 E = Vault monster count
 F = Vault count percentage of total count
                 A         B        C        D         E       F
            +---------+---------+-------+---------+---------+-------
      Total |      78 |       0 |   0.0 |      35 |       0 |   0.0
            +---------+---------+-------+---------+---------+-------
        D:1 |      46 |       0 |   0.0 |      24 |       0 |   0.0
        D:2 |      32 |       0 |   0.0 |      11 |       0 |   0.0
            +---------+---------+-------+---------+---------+-------
